| TOP OF THE 1ST |
|
Winter Haven Sun Sox batting - Pitching for Cocoa Flyers : RHP Scott Garrelts
|
|
Pitching: RHP Scott Garrelts
|
|
|
Batting: LHB Don Carter
|
0-0: Fly out, F4 (Line Drive, 4, EV 71.3 MPH)
|
|
Batting: RHB Domingo Ramos
|
0-0: Ball 1-0: Swinging Strike 1-1: Ball 2-1: Ball 3-1: Foul Ball, location: 2F 3-2: Foul Ball, location: 2F 3-2: Fly out, F7 (Line Drive, 7, EV 85.6 MPH)
|
|
Batting: RHB Augie Schmidt
|
0-0: Called Strike 0-1: TRIPLE (Line Drive, 9D, EV 98.8 MPH)
|
|
Batting: LHB Charles Melito
|
0-0: Called Strike 0-1: Ball 1-1: Fly out, F6 (Flyball, 56D, EV 85.6 MPH)
|
| Top of the 1st over - 0 runs, 1 hit, 0 errors, 1 left on base; Winter Haven 0 - Cocoa 0 |
| BOTTOM OF THE 1ST |
|
Cocoa Flyers batting - Pitching for Winter Haven Sun Sox : RHP Rafael Pimentel
|
|
Pitching: RHP Rafael Pimentel
|
|
|
Batting: RHB Danny Arroyo
|
0-0: Ground out 6-3 (Groundball, 6, EV 86.3 MPH)
|
|
Batting: RHB Lorenzo Quintanilla
|
0-0: Ball 1-0: Fly out, F8 (Line Drive, 8RM, EV 95.6 MPH)
|
|
Batting: LHB Gary Robertson
|
0-0: Foul Ball, location: 2F 0-1: Fly out, F5 (Popup, 5F, EV 71.3 MPH)
|
| Bottom of the 1st over - 0 runs, 0 hits, 0 errors, 0 left on base; Winter Haven 0 - Cocoa 0 |
| TOP OF THE 2ND |
|
Winter Haven Sun Sox batting - Pitching for Cocoa Flyers : RHP Scott Garrelts
|
|
Batting: RHB Michael Rupp
|
0-0: Called Strike 0-1: Foul Ball, location: 2F 0-2: Ball 1-2: Foul Ball, location: 2F 1-2: Ball 2-2: Foul Ball, location: 2F 2-2: SINGLE (Line Drive, 56D, EV 95.0 MPH)
|
|
Batting: RHB Takashi Upshur
|
0-0: Ball 1-0: Fly out, F7 (Line Drive, 7, EV 90.0 MPH)
|
|
Batting: RHB Stephen Rhodes
|
0-0: Ball 1-0: Called Strike 1-1: Ball 2-1: Called Strike 2-2: Foul Ball, location: 2F 2-2: Strikes out swinging
|
|
Batting: RHB Tim Carroll
|
0-0: Foul Ball, location: 2F 0-1: Swinging Strike 0-2: Strikes out swinging
|
| Top of the 2nd over - 0 runs, 1 hit, 0 errors, 1 left on base; Winter Haven 0 - Cocoa 0 |
| BOTTOM OF THE 2ND |
|
Cocoa Flyers batting - Pitching for Winter Haven Sun Sox : RHP Rafael Pimentel
|
|
Batting: RHB Larry McNutt
|
0-0: Ball 1-0: Fly out, F8 (Flyball, 8LM, EV 93.1 MPH)
|
|
Batting: SHB Rick Lockwood
|
0-0: Called Strike 0-1: Ball 1-1: Called Strike 1-2: Ball 2-2: SOLO HOME RUN (Flyball, 7D, EV 101.9 MPH), Distance : 357 ft
|
|
Batting: RHB Johnny Salery
|
0-0: Ball 1-0: Called Strike 1-1: Foul Ball, location: 2F 1-2: Ball 2-2: Ball 3-2: Strikes out swinging
|
|
Batting: RHB Jorge Diaz
|
0-0: Ball 1-0: Fly out, F9 (Flyball, 9D, EV 106.9 MPH)
|
| Bottom of the 2nd over - 1 run, 1 hit, 0 errors, 0 left on base; Winter Haven 0 - Cocoa 1 |
| TOP OF THE 3RD |
|
Winter Haven Sun Sox batting - Pitching for Cocoa Flyers : RHP Scott Garrelts
|
|
Batting: RHB Jose Marcano
|
0-0: Ball 1-0: Swinging Strike 1-1: Called Strike 1-2: Strikes out swinging
|
|
Batting: LHB Don Carter
|
0-0: Called Strike 0-1: Ball 1-1: Ball 2-1: Ball 3-1: Called Strike 3-2: Foul Ball, location: 2F 3-2: Base on Balls
|
|
Batting: RHB Domingo Ramos
|
0-0: Ball 1-0: Foul Ball, location: 2F 1-1: Foul Ball, location: 2F 1-2: Ball Don Carter steals 2nd base 2-2: Ball 3-2: SINGLE (Groundball, 56D, EV 103.1 MPH) Don Carter to third Runner from 3rd tries for Home, SAFE, throw by LF to home
|
|
Batting: RHB Augie Schmidt
|
0-0: Ball 1-0: Called Strike 1-1: Ball 2-1: Foul Ball, location: 2F 2-2: DOUBLE (Flyball, 89XD, EV 108.1 MPH) Domingo Ramos to third
|
|
Batting: LHB Charles Melito
|
0-0: Ball 1-0: Ball 2-0: Called Strike 2-1: Ball 3-1: 3-RUN HOME RUN (Flyball, 89XD, EV 101.3 MPH), Distance : 422 ft
|
|
Batting: RHB Michael Rupp
|
0-0: Called Strike 0-1: Ball 1-1: Ball 2-1: Foul Ball, location: 2F 2-2: Ball 3-2: Strikes out swinging
|
|
Batting: RHB Takashi Upshur
|
0-0: Ground out 5-3 (Groundball, 5, EV 81.3 MPH)
|
| Top of the 3rd over - 4 runs, 3 hits, 0 errors, 0 left on base; Winter Haven 4 - Cocoa 1 |
| BOTTOM OF THE 3RD |
|
Cocoa Flyers batting - Pitching for Winter Haven Sun Sox : RHP Rafael Pimentel
|
|
Batting: RHB Miguel Dominguez
|
0-0: Ball 1-0: Called Strike 1-1: Fly out, F8 (Flyball, 89S, EV 95.0 MPH)
|
|
Batting: RHB David McClure
|
0-0: Ball 1-0: Called Strike 1-1: Ball 2-1: Ball 3-1: Ground out 5-3 (Groundball, 56S, EV 68.1 MPH)
|
|
Batting: RHB Danny Arroyo
|
0-0: Ball 1-0: Ground out 1-3 (Groundball, 15S, EV 63.1 MPH)
|
| Bottom of the 3rd over - 0 runs, 0 hits, 0 errors, 0 left on base; Winter Haven 4 - Cocoa 1 |
| TOP OF THE 4TH |
|
Winter Haven Sun Sox batting - Pitching for Cocoa Flyers : RHP Scott Garrelts
|
|
Batting: RHB Stephen Rhodes
|
0-0: Ball 1-0: Called Strike 1-1: Swinging Strike 1-2: Foul Ball, location: 2F 1-2: Foul Ball, location: 2F 1-2: Foul Ball, location: 2F 1-2: Ball 2-2: Strikes out swinging
|
|
Batting: RHB Tim Carroll
|
0-0: Ground out 4-3 (Groundball, 4, EV 88.8 MPH)
|
|
Batting: RHB Jose Marcano
|
0-0: Swinging Strike 0-1: Ball 1-1: Ball 2-1: Foul Ball, location: 2F 2-2: Ball 3-2: Reached on error, E5 (Groundball, 56, EV 96.9 MPH)
|
|
Batting: LHB Don Carter
|
0-0: Ball 1-0: Ground out 4-3 (Groundball, 4, EV 89.4 MPH)
|
| Top of the 4th over - 0 runs, 0 hits, 1 error, 1 left on base; Winter Haven 4 - Cocoa 1 |
| BOTTOM OF THE 4TH |
|
Cocoa Flyers batting - Pitching for Winter Haven Sun Sox : RHP Rafael Pimentel
|
|
Batting: RHB Lorenzo Quintanilla
|
0-0: Ball 1-0: Ball 2-0: Called Strike 2-1: Called Strike 2-2: SINGLE (Line Drive, 8LS, EV 107.5 MPH)
|
|
Batting: LHB Gary Robertson
|
0-0: Swinging Strike 0-1: Grounds into double play, 4-6-3 (Groundball, 34, EV 86.3 MPH)
|
|
Batting: RHB Larry McNutt
|
0-0: Called Strike 0-1: Swinging Strike 0-2: Ball 1-2: Strikes out swinging
|
| Bottom of the 4th over - 0 runs, 1 hit, 0 errors, 0 left on base; Winter Haven 4 - Cocoa 1 |
| TOP OF THE 5TH |
|
Winter Haven Sun Sox batting - Pitching for Cocoa Flyers : RHP Scott Garrelts
|
|
Batting: RHB Domingo Ramos
|
0-0: Called Strike 0-1: Fly out, F8 (Flyball, 89D, EV 83.1 MPH)
|
|
Batting: RHB Augie Schmidt
|
0-0: Swinging Strike 0-1: Ball 1-1: Called Strike 1-2: Strikes out swinging
|
|
Batting: LHB Charles Melito
|
0-0: Foul Ball, location: 2F 0-1: Called Strike 0-2: Foul Ball, location: 2F 0-2: Ball 1-2: Ground out 5-3 (Groundball, 56, EV 103.1 MPH)
|
| Top of the 5th over - 0 runs, 0 hits, 0 errors, 0 left on base; Winter Haven 4 - Cocoa 1 |
| BOTTOM OF THE 5TH |
|
Cocoa Flyers batting - Pitching for Winter Haven Sun Sox : RHP Rafael Pimentel
|
|
Batting: SHB Rick Lockwood
|
0-0: Called Strike 0-1: Ball 1-1: Ball 2-1: Ball 3-1: Foul Ball, location: 2F 3-2: Foul Ball, location: 2F 3-2: Foul Ball, location: 2F 3-2: Ground out 4-3 (Groundball, 4MD, EV 101.9 MPH)
|
|
Pitching: RHP Luis Soriano
|
|
|
Batting: RHB Johnny Salery
|
0-0: Fly out, F8 (Line Drive, 8RM, EV 98.8 MPH)
|
|
Batting: RHB Jorge Diaz
|
0-0: Called Strike 0-1: Ball 1-1: Foul Ball, location: 2F 1-2: Foul Ball, location: 2F 1-2: Ball 2-2: Foul Ball, location: 2F 2-2: Foul Ball, location: 2F 2-2: Ground out 4-3 (Groundball, 4S, EV 84.4 MPH)
|
| Bottom of the 5th over - 0 runs, 0 hits, 0 errors, 0 left on base; Winter Haven 4 - Cocoa 1 |
| TOP OF THE 6TH |
|
Winter Haven Sun Sox batting - Pitching for Cocoa Flyers : RHP Scott Garrelts
|
|
Batting: RHB Michael Rupp
|
0-0: Ball 1-0: Ball 2-0: Called Strike 2-1: Foul Ball, location: 2F 2-2: Foul Ball, location: 2F 2-2: Foul Ball, location: 2F 2-2: Ball 3-2: Base on Balls
|
|
Batting: RHB Takashi Upshur
|
0-0: Bunt missed! 0-1: Sac Bunt to 5S - play at first, batter OUT! 5-4 Michael Rupp to second
|
|
Batting: RHB Stephen Rhodes
|
0-0: Ball 1-0: SINGLE (Groundball, 4S, EV 67.5 MPH) (infield hit) Michael Rupp to third
|
|
Batting: RHB Tim Carroll
|
0-0: Called Strike 0-1: Ball 1-1: Foul Ball, location: 2F 1-2: Foul Ball, location: 2F 1-2: Foul Ball, location: 2F 1-2: Ball 2-2: Strikes out looking
|
|
Batting: RHB Jose Marcano
|
0-0: Ball 1-0: Swinging Strike 1-1: Ball 2-1: Foul Ball, location: 2F 2-2: Ground out 6-3 (Groundball, P, EV 80.0 MPH)
|
| Top of the 6th over - 0 runs, 1 hit, 0 errors, 2 left on base; Winter Haven 4 - Cocoa 1 |
| BOTTOM OF THE 6TH |
|
Cocoa Flyers batting - Pitching for Winter Haven Sun Sox : RHP Luis Soriano
|
|
Batting: RHB Miguel Dominguez
|
0-0: Ball 1-0: Ball 2-0: Swinging Strike 2-1: Ground out 6-3 (Groundball, 56, EV 103.8 MPH)
|
|
Batting: RHB David McClure
|
0-0: Ball 1-0: Ball 2-0: SINGLE (Groundball, 56D, EV 104.4 MPH)
|
|
Batting: RHB Danny Arroyo
|
0-0: Ball 1-0: Ball Wild Pitch! David McClure to second 2-0: Swinging Strike 2-1: Foul Ball, location: 2F 2-2: Ball 3-2: SINGLE (Line Drive, 7LS, EV 112.5 MPH) David McClure to third Runner from 3rd tries for Home, SAFE, throw by LF to home
|
|
Batting: RHB Lorenzo Quintanilla
|
0-0: Called Strike 0-1: Grounds into double play, 5-4-3 (Groundball, 56, EV 81.3 MPH)
|
| Bottom of the 6th over - 1 run, 2 hits, 0 errors, 0 left on base; Winter Haven 4 - Cocoa 2 |
| TOP OF THE 7TH |
|
Winter Haven Sun Sox batting - Pitching for Cocoa Flyers : RHP Scott Garrelts
|
|
Batting: LHB Don Carter
|
0-0: Called Strike 0-1: Ground out 4-3 (Groundball, 4, EV 108.8 MPH)
|
|
Batting: RHB Domingo Ramos
|
0-0: Called Strike 0-1: Ball 1-1: Fly out, F8 (Line Drive, 8LM, EV 85.0 MPH)
|
|
Batting: RHB Augie Schmidt
|
0-0: Called Strike 0-1: Ball 1-1: Foul Ball, location: 2F 1-2: SINGLE (Groundball, 34D, EV 97.5 MPH)
|
|
Batting: LHB Charles Melito
|
0-0: Fly out, F2 (Popup, 23F, EV 85.6 MPH)
|
| Top of the 7th over - 0 runs, 1 hit, 0 errors, 1 left on base; Winter Haven 4 - Cocoa 2 |
| BOTTOM OF THE 7TH |
|
Cocoa Flyers batting - Pitching for Winter Haven Sun Sox : RHP Luis Soriano
|
|
Batting: LHB Gary Robertson
|
0-0: Called Strike 0-1: Ball 1-1: Foul Ball, location: 2F 1-2: Strikes out swinging
|
|
Batting: RHB Larry McNutt
|
0-0: Fly out, F8 (Flyball, 8RD, EV 83.8 MPH)
|
|
Batting: SHB Rick Lockwood
|
0-0: Ball 1-0: Swinging Strike 1-1: Ball 2-1: Fly out, F9 (Line Drive, 9, EV 95.0 MPH)
|
| Bottom of the 7th over - 0 runs, 0 hits, 0 errors, 0 left on base; Winter Haven 4 - Cocoa 2 |
| TOP OF THE 8TH |
|
Winter Haven Sun Sox batting - Pitching for Cocoa Flyers : RHP Scott Garrelts
|
|
Batting: RHB Michael Rupp
|
0-0: Ball 1-0: Fly out, F9 (Flyball, 9LM, EV 75.0 MPH)
|
|
Batting: RHB Takashi Upshur
|
0-0: Called Strike 0-1: Swinging Strike 0-2: Ball 1-2: Foul Ball, location: 2F 1-2: Foul Ball, location: 2F 1-2: Ball 2-2: SOLO HOME RUN (Flyball, 78XD, EV 105.0 MPH), Distance : 402 ft
|
|
Pitching: RHP Kenneth Rabun
|
|
|
Batting: RHB Stephen Rhodes
|
0-0: Called Strike 0-1: Ball 1-1: Foul Ball, location: 2F 1-2: Ball 2-2: Ball 3-2: Base on Balls
|
|
Batting: RHB Tim Carroll
|
0-0: Ball 1-0: Ball 2-0: Called Strike 2-1: Fly out, F4 (Line Drive, 4, EV 68.1 MPH)
|
|
Batting: RHB Jose Marcano
|
0-0: Ball 1-0: Ball 2-0: Called Strike 2-1: Foul Ball, location: 2F 2-2: Ball 3-2: Strikes out swinging
|
| Top of the 8th over - 1 run, 1 hit, 0 errors, 1 left on base; Winter Haven 5 - Cocoa 2 |
| BOTTOM OF THE 8TH |
|
Cocoa Flyers batting - Pitching for Winter Haven Sun Sox : RHP Luis Soriano
|
|
Batting: RHB Johnny Salery
|
0-0: Swinging Strike 0-1: Ball 1-1: Called Strike 1-2: Strikes out swinging
|
|
Batting: RHB Jorge Diaz
|
0-0: Called Strike 0-1: Foul Ball, location: 2F 0-2: Foul Ball, location: 2F 0-2: Fly out, F6 (Flyball, 6D, EV 84.4 MPH)
|
|
Pitching: RHP Tony Vila
|
|
|
Batting: RHB Miguel Dominguez
|
0-0: Fly out, F8 (Flyball, 8RM, EV 95.0 MPH)
|
| Bottom of the 8th over - 0 runs, 0 hits, 0 errors, 0 left on base; Winter Haven 5 - Cocoa 2 |
| TOP OF THE 9TH |
|
Winter Haven Sun Sox batting - Pitching for Cocoa Flyers : RHP Kenneth Rabun
|
|
Batting: LHB Don Carter
|
0-0: Ball 1-0: Called Strike 1-1: Ball 2-1: Ball 3-1: Base on Balls
|
|
Batting: RHB Domingo Ramos
|
0-0: Ball 1-0: Called Strike 1-1: Ball 2-1: Ball 3-1: Fly out, F4 (Popup, 4M, EV 64.4 MPH)
|
|
Batting: RHB Augie Schmidt
|
0-0: Ball 1-0: Called Strike 1-1: Called Strike 1-2: Foul Ball, location: 2F 1-2: Ball 2-2: Ball 3-2: SINGLE (Groundball, 5S, EV 65.6 MPH) (infield hit) Don Carter to second
|
|
Batting: LHB Charles Melito
|
0-0: Ball Don Carter steals 3rd base 1-0: Called Strike 1-1: Foul Ball, location: 2F 1-2: Ball 2-2: Strikes out swinging
|
|
Pitching: RHP Curtis Reade
|
|
|
Batting: RHB Michael Rupp
|
0-0: Foul Ball, location: 2F 0-1: Ball 1-1: Foul Ball, location: 2F 1-2: Strikes out swinging
|
| Top of the 9th over - 0 runs, 1 hit, 0 errors, 2 left on base; Winter Haven 5 - Cocoa 2 |
| BOTTOM OF THE 9TH |
|
Cocoa Flyers batting - Pitching for Winter Haven Sun Sox : RHP Tony Vila
|
|
Batting: RHB David McClure
|
0-0: Foul Ball, location: 2F 0-1: Ball 1-1: Fly out, F9 (Flyball, 89S, EV 89.4 MPH)
|
|
Batting: RHB Danny Arroyo
|
0-0: Called Strike 0-1: Ball 1-1: SINGLE (Line Drive, 3D, EV 96.9 MPH)
|
|
Batting: RHB Lorenzo Quintanilla
|
0-0: Called Strike 0-1: Ball 1-1: Called Strike 1-2: Foul Ball, location: 2F 1-2: Ball 2-2: Fly out, F8 (Flyball, 8RM, EV 79.4 MPH)
|
|
Batting: LHB Gary Robertson
|
0-0: Swinging Strike 0-1: Fly out, F8 (Flyball, 8LD, EV 85.6 MPH)
|
| Bottom of the 9th over - 0 runs, 1 hit, 0 errors, 1 left on base; Winter Haven 5 - Cocoa 2 |
|